 Dungeon Crawl Stone Soup version 0.25-a0-294-gea9b1ad378 (webtiles) character file.

Game seed: 14875134266771568094, levelgen mode: deterministic

805 Redear the Skirmisher (level 7, 0/57 HPs)
             Began as a Mummy Monk on Dec 19, 2019.
             Slain by a water moccasin (7 damage)
             ... on level 7 of the Dungeon.
             The game lasted 00:18:37 (10516 turns).

Redear the Skirmisher (Mummy Monk)                 Turns: 10516, Time: 00:18:37

Health: 0/57       AC:  2    Str: 15    XL:     7   Next: 60%
Magic:  7/7        EV: 15    Int:  9    God:
Gold:   335        SH:  0    Dex: 16    Spells: 6/6 levels left

rFire    . . .     SeeInvis .     - Unarmed
rCold    + . .     Gourm    .   (no shield)
rNeg     + + +     Faith    .   (no armour)
rPois    ∞         Spirit   .   (no helmet)
rElec    .         Reflect  .   j - +0 cloak
rCorr    .         Harm     .   d - +0 pair of gloves
MR       .....                  (no boots)
Stlth    +++.......             (no amulet)
HPRegen  0.19/turn              f - ring of protection from fire {rF+}
MPRegen  0.10/turn              x - ring of stealth {Stlth+}

@: very slightly contaminated
A: no food or potions, fire vulnerability, cold resistance 1, negative energy
resistance 3, torment resistance, unbreathing
a: no special abilities


You were on level 7 of the Dungeon.
You were not hungry.

You visited 1 branch of the dungeon, and saw 7 of its levels.

You collected 335 gold pieces.

Inventory:

Armour
 d - a +0 pair of gloves (worn)
 j - a +0 cloak (worn)
Jewellery
 f - a ring of protection from fire (left hand) {rF+}
 x - a ring of stealth (right hand) {Stlth+}
Wands
 P - a wand of paralysis (2)
Scrolls
 a - a scroll of amnesia {unknown}
 b - 2 scrolls of enchant armour
 c - a scroll of immolation
 e - a scroll of fog {unknown}
 g - a scroll of random uselessness
 h - a scroll of noise
 i - a scroll of fear {unknown}
 k - 2 scrolls of vulnerability
 N - 4 scrolls of remove curse {@r2}
 T - a scroll of teleportation {@r3}


   Skills:
 + Level 5.7 Fighting
 + Level 4.7 Dodging
 - Level 1.5 Stealth
 + Level 4.7 Unarmed Combat


You had 6 spell levels left.
You didn't know any spells.
Your spell library contained the following spells:

 Spells                   Type           Power        Failure   Level  Hunger
 Shock                    Conj/Air       #...         38%         1    N/A
 Swiftness                Chrm/Air       #.......     52%         2    N/A
 Static Discharge         Conj/Air       #.......     77%         3    N/A
 Airstrike                Air            #.........   99%         4    N/A
 Lightning Bolt           Conj/Air       #.........   100%        5    N/A

Dungeon Overview and Level Annotations

Branches:
Dungeon (7/15)
 Temple: D:4-7

Altars:
Cheibriados
Dithmenos
Fedhas
Kikubaaqudgha
Nemelex Xobeh
Okawaru
Ru
Vehumet
Xom
Yredelemnul

Annotations:
D:6 Edmund, Pikel, Sigmund


Innate Abilities, Weirdness & Mutations

You do not eat or drink.
Your flesh is vulnerable to fire.
You are immune to poison.
Your flesh is cold resistant. (rC+)
You are immune to negative energy. (rN+++)
You are immune to unholy pain and torment.
You can survive without breathing.


Message History

Unknown command.
Remove which piece of jewellery? (? for menu, Esc to quit)
Okay, then.
Unknown command.
Evoke which item? (* to show all) (? for menu, Esc to quit)
You don't have any such object.
Evoke which item? (* to show all) (? for menu, Esc to quit)
Okay, then.
Evoke which item? (* to show all) (? for menu, Esc to quit)
Aiming: Paralyse
Press: ? - help, Shift-Dir - straight line, f - water moccasin
Aim: a water moccasin (lightly wounded, chance to defeat MR: 46%)
The water moccasin resists with some effort.
Evoke which item? (* to show all) (? for menu, Esc to quit)
Aiming: Paralyse
Press: ? - help, Shift-Dir - straight line, f/p - water moccasin
Aim: a water moccasin (lightly wounded, chance to defeat MR: 46%)
The water moccasin resists with some effort.
The water moccasin bites you!
You die...

#.# #..## #.# #.##
#.# #..## #.# #....
#.# #.#.. #.# #.###
#.# #..## #######.#
##..#
#..S@...######## ##..
#.#####.#......######
#.# #.#.?5...##...#
#S# ###......##...#
#.# #......##...#
#.#######......##....
#.....S......§.##.##.
#.############$##.##.
### #######§##<.).


You could see a water moccasin.

Vanquished Creatures
  3 slaves (D:5)
  A necrophage (D:4)
  A big kobold (D:6)
  A bullfrog (D:6)
  A howler monkey (D:4)
  2 crimson imps
  2 bullfrog skeletons
  2 orc wizards (D:4)
  3 worker ants
  A hound zombie (D:6)
  A hound skeleton (D:6)
  A worker ant zombie (D:5)
  13 adders
  4 oozes
  2 adder zombies
  An adder skeleton (D:6)
  2 worms
  4 dart slugs
  8 leopard geckos
  6 orcs
  2 giant cockroaches
  5 goblins
  7 hobgoblins
  4 jackals
  13 kobolds
  3 quokkas (D:2)
  6 bats
  5 frilled lizards
  A jackal zombie (D:5)
  A quokka zombie (D:7)
  7 rats
113 creatures vanquished.

Vanquished Creatures (others)
  2 plants (D:1)
2 creatures vanquished.

Grand Total: 115 creatures vanquished

Notes
Turn   | Place    | Note
-------+----------+-------------------------------------------
     0 | D:1      | Redear the Mummy Monk began the quest for the Orb.
     0 | D:1      | Reached XP level 1. HP: 18/18 MP: 1/1
   258 | D:1      | Reached XP level 2. HP: 15/24 MP: 2/2
  1355 | D:2      | Reached XP level 3. HP: 28/29 MP: 3/3
  1477 | D:2      | Reached skill level 3 in Dodging
  1477 | D:2      | Reached skill level 3 in Unarmed Combat
  1627 | D:2      | Reached XP level 4. HP: 25/37 MP: 4/4
  1888 | D:2      | Found a blossoming altar of Fedhas.
  2329 | D:3      | Found a shimmering altar of Xom.
  2331 | D:3      | Found a snail-covered altar of Cheibriados.
  2348 | D:3      | Reached skill level 4 in Fighting
  2930 | D:3      | Found a sacrificial altar of Ru.
  2959 | D:3      | Found an ancient bone altar of Kikubaaqudgha.
  2961 | D:3      | Found a shadowy altar of Dithmenos.
  4163 | D:4      | Reached XP level 5. HP: 39/42 MP: 5/5
  5888 | D:5      | Entered Level 5 of the Dungeon
  5895 | D:5      | Reached XP level 6. HP: 40/49 MP: 6/6
  6213 | D:5      | Found a radiant altar of Vehumet.
  6995 | D:4      | Reached skill level 4 in Dodging
  6995 | D:4      | Reached skill level 4 in Unarmed Combat
  7048 | D:4      | Reached skill level 5 in Fighting
  7504 | D:5      | Reached XP level 7. HP: 37/56 MP: 7/7
  8053 | D:6      | Noticed Sigmund
  8053 | D:6      | Noticed Edmund
  8279 | D:6      | Found a blossoming altar of Fedhas.
  9666 | D:6      | Noticed Pikel
 10391 | D:7      | Found an iron altar of Okawaru.
 10391 | D:7      | Found a sparkling altar of Nemelex Xobeh.
 10392 | D:7      | Found a basalt altar of Yredelemnul.
 10501 | D:7      | HP: 5/57 [water moccasin (5)]
 10516 | D:7      | Slain by a water moccasin

Levels and vault maps discovered:
D:1:      co_arrival_square_in_a_square_in_a_square, layout_basic,
          lexackson_kobold_supper
D:2:      layout_loops_ring, first_ration, fedhas_altar_2
D:3:      layout_basic, nicolae_overflow_hidden_temple,
          nicolae_ru_the_path_less_chosen
D:4:      layout_gridville
D:5:      layout_rooms, overflow_temple_1_default, minmay_misc_feat_chi
D:6:      layout_cave_pods, basic_altar, uniq_sigmund, uniq_edmund, uniq_pikel
D:7:      layout_basic, kennysheep_little_box, gammafunk_temple_overflow_claw,
          minmay_temple_entry_nine_rooms

Skill      XL: |  1  2  3  4  5  6 |
---------------+-------------------+-----
Dodging        | 3 4 |  4.7
Unarmed Combat | 3 4 |  4.7
Fighting       | 4 5 |  5.7
Stealth        | |  1.5

Action                   |  1- 3 |  4- 6 |  7- 9 || total
-------------------------+-------+-------+-------++-------
Melee: Unarmed           |   126 |   437 |   225 ||   788
       Punch             |     6 |     5 |     6 ||    17
Evoke: Wand              |       |       |     2 ||     2
  Use: Scroll            |       |     4 |     6 ||    10
 Stab: Sleeping          |     5 |    12 |     1 ||    18
       Distracted        |       |     1 |       ||     1
Armor: Skin              |     2 |    27 |    18 ||    47
Dodge: Dodged            |    66 |   311 |   149 ||   526

Table legend:
 A = Non-vault XP
 B = Vault XP
 C = Vault XP percentage of total XP
 D = Non-vault monster count
 E = Vault monster count
 F = Vault count percentage of total count
                 A         B        C        D         E       F
            +---------+---------+-------+---------+---------+-------
      Total |    1138 |      12 |   1.0 |     102 |       8 |   7.3
            +---------+---------+-------+---------+---------+-------
        D:1 |      21 |      12 |  36.4 |      10 |       8 |  44.4
        D:2 |     112 |       0 |   0.0 |      29 |       0 |   0.0
        D:3 |      47 |       0 |   0.0 |      11 |       0 |   0.0
        D:4 |     393 |       0 |   0.0 |      19 |       0 |   0.0
        D:5 |     239 |       0 |   0.0 |      16 |       0 |   0.0
        D:6 |     312 |       0 |   0.0 |      15 |       0 |   0.0
        D:7 |      14 |       0 |   0.0 |       2 |       0 |   0.0
            +---------+---------+-------+---------+---------+-------
